 Dungeon Crawl Stone Soup version 0.14.1-23-g35e4e54 (webtiles) character file.

231 Kae the Firebug (level 5, -3/28 HPs)
             Began as a Tengu Fire Elementalist on June 11, 2014.
             Slain by an orc
             ... wielding a cursed -3,+0 mace
              (7 damage)
             ... on Level 3 of the Dungeon.
             The game lasted 00:03:11 (2301 turns).

Kae the Firebug (Tengu Fire Elementalist)           Turns: 2301, Time: 00:03:11

HP  -3/28        AC  3     Str  8      XL: 5   Next:  4%
MP   4/11        EV 12     Int 17      God:
Gold 111         SH  0     Dex 14      Spells:  1 memorised,  8 levels left

rFire  . . .     SeeInvis .     p - +1,+0 short sword
rCold  . . .     Clarity  .     a - +1 robe
rNeg   . . .     Conserve .     (no shield)
rPois  .         rCorr    .     (helmet restricted)
rElec  .         rRot     .     (no cloak)
SustAb . .       Spirit   .     (no gloves)
rMut   .         Warding  .     (boots unavailable)
Saprov . . .     Rnd*Tele +     o - amulet of rage
MR     .....                    n - ring of invisibility
                                m - cursed ring of teleportation

@: not resistant to hostile enchantments, fairly stealthy
A: able to fly, beak, talons 3
a: Fly, Evoke Berserk Rage, Evoke Invisibility, Evoke Teleportation


You were on level 3 of the Dungeon.
You were not hungry.

You visited 1 branch of the dungeon, and saw 3 of its levels.

You collected 111 gold pieces.

Inventory:

Hand weapons
 p - a +1,+0 short sword (weapon)
Armour
 a - a +1 robe (worn)
Comestibles
 c - 2 bread rations
 d - 2 chunks of orc flesh
 f - a rambutan
 l - a pear
 q - 2 rotting chunks of human flesh
Scrolls
 j - a scroll of remove curse {unknown}
Jewellery
 g - a cursed ring of flight {unknown}
 m - a cursed ring of teleportation (left hand)
 n - a ring of invisibility (right hand)
 o - an amulet of rage (around neck)
Potions
 e - 2 potions of heal wounds {unknown}
 h - a potion of curing
 i - 3 potions of might
 k - 2 potions of haste {unknown}
Books
 b - a book of Flames

   Spells                             Type                      Level
   *Flame Tongue                      Conjuration/Fire             1
   Throw Flame                        Conjuration/Fire             2
   Conjure Flame                      Conjuration/Fire             3
   Inner Flame                        Hexes/Fire                   3
   Sticky Flame                       Conjuration/Fire             4
   Fireball                           Conjuration/Fire             5


   Skills:
 - Level 2.1 Dodging
 - Level 2.0 Stealth
 + Level 2.6 Spellcasting
 * Level 3.8 Conjurations
 * Level 4.7 Fire Magic


You had 8 spell levels left.
You knew the following spells:

 Your Spells              Type           Power        Failure   Level  Hunger
a - Flame Tongue          Conj/Fire      ###..        3%          1    #......


Dungeon Overview and Level Annotations

Branches:
Dungeon (3/15)

Altars:


Innate Abilities, Weirdness & Mutations

You can fly.
You have a beak for a mouth.
You have claws for feet.


Message History

* * * LOW HITPOINT WARNING * * *
Casting: Flame Tongue
Confirm with . or Enter, or press ? or * to list all spells.
Aiming: Flame Tongue
Press: ? - help, Shift-Dir - straight line, f/p - orc wizard
Aim: an orc wizard, wielding a dagger and wearing a robe (severely wounded, moving very quickly)
The flame tongue hits the orc wizard.
The orc wizard appears unharmed.
The orc wizard is severely wounded.
The orc wizard misses you. The orc barely misses you.
Casting: Flame Tongue
Confirm with . or Enter, or press ? or * to list all spells.
Aiming: Flame Tongue
Press: ? - help, Shift-Dir - straight line, f/p - orc wizard
Aim: an orc wizard, wielding a dagger and wearing a robe (severely wounded, moving very quickly)
The flame tongue hits the orc wizard.
The orc wizard is almost dead.
The orc wizard hits you with a dagger.
* * * LOW HITPOINT WARNING * * *
The orc hits you with a glowing mace!
You die...

......................#8.8#......
.##########.##...................
..................)...#8.8##.....
.##########.##<#......##.###.....
.######........#..........##.....
............%..#........#.##.....
.................................
..#####........#o.......#.#####..
..#####........#@.......#.#####..
................oo.....(.........
#.#.....................#.#####..
.................................
#.#....###########.....##)#####..
#.#....#...# #.....##.# #..
#.#....#...#######........# ###
..........................#
#.#....#...#######........#


You could see an orc wizard and 2 orcs.

Vanquished Creatures
  Terence (D:3)
  6 adders
  A giant gecko (D:3)
  2 orcs (D:3)
  A giant cockroach (D:2)
  7 hobgoblins
  3 jackals (D:2)
  8 kobolds
  5 bats
  A giant newt (D:1)
  8 goblins
  3 rats
46 creatures vanquished.

Notes
Turn   | Place    | Note
--------------------------------------------------------------
     0 | D:1      | Kae, the Tengu Fire Elementalist, began the quest for the Orb.
     0 | D:1      | Reached XP level 1. HP: 10/10 MP: 3/3
   315 | D:1      | Reached XP level 2. HP: 13/15 MP: 3/5
   620 | D:2      | Reached XP level 3. HP: 7/19 MP: 0/7
  1035 | D:2      | Reached skill level 4 in Fire Magic
  1303 | D:2      | Reached XP level 4. HP: 17/24 MP: 5/9
  1934 | D:3      | Noticed Terence
  1940 | D:3      | Killed Terence
  2120 | D:3      | Reached XP level 5. HP: 15/28 MP: 11/11
  2301 | D:3      | Slain by an orc

Action                   |  1- 3 |  4- 6 || total
-------------------------+-------+-------++-------
Melee: Unarmed           |    54 |       ||    54
       Short sword       |       |    29 ||    29
 Cast: Flame Tongue      |    39 |    33 ||    72
  Use: Potion            |     2 |       ||     2
       Scroll            |       |     6 ||     6
 Stab: Sleeping          |       |     3 ||     3
